 Dungeon Crawl Stone Soup version 0.26-a0-40-gfe7b5d5 (webtiles) character file.

Game seed: 17102755108656707046, levelgen mode: deterministic

76 Ayyar the Skirmisher (level 4, -3/35 HPs)
             Began as a Demonspawn Abyssal Knight on May 30, 2020.
             Was a Believer of Lugonu.
             Slain by a gnoll (6 damage)
             ... on level 2 of the Dungeon on May 31, 2020.
             The game lasted 00:14:21 (1695 turns).

Ayyar the Skirmisher (Demonspawn Abyssal Knight)    Turns: 1695, Time: 00:14:21

Health: -3/35      AC:  5    Str: 13    XL:     4   Next: 12%
Magic:  6/6        EV: 10    Int: 13    God:    Lugonu [**....]
Gold:   58         SH:  0    Dex: 13    Spells: 3/3 levels left

rFire    . . .     SeeInvis .   a - +1 spear
rCold    . . .     Gourm    .   (no shield)
rNeg     . . .     Faith    .   k - +0 ring mail
rPois    .         Spirit   .   (helmet restricted)
rElec    .         Reflect  .   (no cloak)
rCorr    .         Harm     .   (no gloves)
MR       .....                  (no boots)
Stlth    +.........             (no amulet)
HPRegen  0.11/turn              (no ring)
MPRegen  0.10/turn              (no ring)

@: mighty
A: antennae 2
a: Depart the Abyss, Bend Space, Renounce Religion


You were on level 2 of the Dungeon.
You worshipped Lugonu.
Lugonu was pleased with you.
You were hungry.

You visited 1 branch of the dungeon, and saw 2 of its levels.
You visited the Abyss 1 time.

You collected 58 gold pieces.

Inventory:

Hand Weapons
 a - a +1 spear (weapon)
Missiles
 d - 12 poisoned darts (quivered)
Armour
 k - a +0 ring mail (worn)
Scrolls
 b - a scroll of enchant weapon {unknown}
 e - a scroll of magic mapping {unknown}
 g - 3 scrolls of remove curse {unknown}
 h - 2 scrolls of identify {unknown}
 i - a scroll of amnesia {unknown}
Potions
 j - a potion of resistance {unknown}
Comestibles
 c - 6 rations
 f - 2 chunks of flesh


   Skills:
 + Level 3.3 Fighting
 + Level 2.2 Polearms
 * Level 1.4 Throwing
 + Level 2.2 Armour
 + Level 1.4 Dodging
 + Level 3.2 Invocations


You had 3 spell levels left.
You didn't know any spells.
Your spell library was empty.

Dungeon Overview and Level Annotations

Branches:
Dungeon (2/15)

Altars:


Innate Abilities, Weirdness & Mutations

You have a pair of antennae on your head.


Message History

You hit the gnoll.
The gnoll is moderately wounded.
The gnoll hits you but does no damage.
You closely miss the gnoll.
The gnoll is moderately wounded.
The gnoll hits you with a +4 flail of protection.
* * * LOW HITPOINT WARNING * * *
Space bends around you!
You blink.
The gnoll completely misses you.
You see here a hunting sling.
The gnoll closely misses you.
You are too injured to fight recklessly!
Attack whom?
Press: ? - help, Dir - move target cursor, f - gnoll, p - gnoll
Aim: a gnoll You puncture the gnoll!
The gnoll is severely wounded.
The gnoll hits you.
* * * LOW HITPOINT WARNING * * *
The gnoll hits you.
You die...

##...#...####
#######...........#
#...g....###...##.#
#.######g# ##.###.#
#.# #)# #.# #.# #.#
#.# #.###.# #.#
##.## #......
#.#####.#.#######.#
#.@gg..###.....##.#
#.#####.#.####....#
...# ##.## #.....
#.#.# #.# ##.###
#.#.# #.######.# #
#.######........#
..........#######
#.######.## #..##


You could see 2 gnolls.

Vanquished Creatures
  An adder (D:2)
  A gnoll (D:2)
  2 oozes (D:1)
  2 dart slugs (D:1)
  A leopard gecko (D:1)
  6 bats
  4 giant cockroaches
  4 goblins (D:1)
  4 hobgoblins (D:1)
  8 kobolds
  2 frilled lizards (D:2)
  9 rats
44 creatures vanquished.

Notes
Turn   | Place    | Note
-------+----------+-------------------------------------------
     0 | Abyss:1  | Ayyar the Demonspawn Abyssal Knight began the quest for the
                  | Orb.
     0 | Abyss:1  | Reached XP level 1. HP: 18/18 MP: 2/2
    74 | Abyss:1  | Noticed a small abomination
    74 | Abyss:1  | Noticed a lich
    75 | D:1      | Escaped the Abyss
   155 | D:1      | Reached skill level 1 in Dodging
   158 | D:1      | Reached * piety under Lugonu
   163 | D:1      | Gained mutation: You have a pair of small antennae on your
                  | head. [demonic ancestry]
   163 | D:1      | Reached XP level 2. HP: 17/24 MP: 4/4
   603 | D:1      | Reached XP level 3. HP: 29/29 MP: 5/5
   653 | D:1      | Reached skill level 1 in Throwing
  1276 | D:2      | Upgraded the game from 0.26-a0-37-g50178cf to
                  | 0.26-a0-40-gfe7b5d5
  1498 | D:2      | Reached ** piety under Lugonu
  1663 | D:2      | Gained mutation: You have a pair of antennae on your head.
                  | [demonic ancestry]
  1663 | D:2      | Reached XP level 4. HP: 22/35 MP: 6/6
  1695 | D:2      | Slain by a gnoll

Illustrated notes

Levels and vault maps discovered:
D:1:      dpeg_arrival_rhombi, layout_basic
D:2:      minmay_diamond_boxcup, layout_loops_ring, minmay_stone_trees_small

Skill      XL: |  1  2  3 |
---------------+----------+-----
Dodging        | 1 |  1.4
Armour         | 2 |  2.2
Polearms       | 2 |  2.2
Throwing       | 1 |  1.4
Invocations    | 3 |  3.2
Fighting       | |  3.3

Action                   |  1- 3 |  4- 6 || total
-------------------------+-------+-------++-------
Melee: Spear             |   158 |     6 ||   164
Throw: Dart              |     3 |       ||     3
Invok: Depart the Abyss  |     1 |       ||     1
       Bend Space        |       |     1 ||     1
  Use: Potion            |       |     1 ||     1
  Eat: Chunk             |     2 |       ||     2
Armor: Leather armour    |    40 |       ||    40
       Ring mail         |     4 |     1 ||     5
Dodge: Dodged            |    65 |     3 ||    68

Table legend:
 A = Non-vault XP
 B = Vault XP
 C = Vault XP percentage of total XP
 D = Non-vault monster count
 E = Vault monster count
 F = Vault count percentage of total count
                 A         B        C        D         E       F
            +---------+---------+-------+---------+---------+-------
      Total |     109 |       0 |   0.0 |      44 |       0 |   0.0
            +---------+---------+-------+---------+---------+-------
        D:1 |      67 |       0 |   0.0 |      30 |       0 |   0.0
        D:2 |      42 |       0 |   0.0 |      14 |       0 |   0.0
            +---------+---------+-------+---------+---------+-------
